 Dungeon Crawl Stone Soup version 0.25.1-9-gc5326a611f (webtiles) character file.

Game seed: 2489061495896215704

693198 Thomus the Axe Maniac (level 27, -7/184 HPs)
             Began as a Hill Orc Fighter on July 6, 2023.
             Was the Champion of Okawaru.
             Killed by divine providence
             ... invoked by a green draconian stormcaller
              (13 damage)
             ... on level 1 of the Realm of Zot.
             The game lasted 03:30:24 (86431 turns).

Thomus the Axe Maniac (Hill Orc Fighter)           Turns: 86431, Time: 03:30:25

Health: -7/184     AC: 39    Str: 45    XL:     27
Magic:  23/24      EV: 23    Int: 14    God:    Okawaru [******]
Gold:   7354       SH: 26    Dex: 26    Spells: 26/26 levels left

rFire    + . .     SeeInvis +   R - +9 broad axe (protect)
rCold    + . .     Gourm    .   O - +4 kite shield of Qabbet {MR+ Str+5}
rNeg     . . .     Faith    +   V - +10 plate armour of the Turtledove {rPois Str+8 Stlth+}
rPois    +         Spirit   .   A - +2 helmet "Poent" {-Cast Str+3 Int+6}
rElec    +         Reflect  .   t - scarf {rC+ rF+}
rCorr    .         Harm     .   p - +0 pair of fencer's gloves {Riposte Dex+3}
MR       +++..     NoCast   +   k - +2 pair of boots {run}
Stlth    +.........             C - amulet of faith
HPRegen  0.40/turn              E - +6 ring of strength
MPRegen  0.19/turn              o - ring "Gograunn" {rElec Dex+4 SInv Stlth+}

@: heroism, very slow
A: hooves 1, thin metallic scales 1, blurry vision 1, deformed body, frail 3,
poison resistance
}: 4/15 runes: serpentine, barnacled, slimy, silver
a: Heroism, Finesse, Renounce Religion


You were on level 1 of the Realm of Zot.
You worshipped Okawaru.
Okawaru was exalted by your worship.
You were very hungry.

You visited 11 branches of the dungeon, and saw 51 of its levels.
You visited the Abyss 4 times.
You also visited: Volcano.

You collected 11695 gold pieces.
You spent 4341 gold pieces at shops.

Inventory:

Hand Weapons
 R - a +9 broad axe of protection (weapon)
Missiles
 l - 4 curare-tipped darts
 N - 74 boomerangs
 Q - 18 boomerangs of dispersal
 U - 40 silver javelins (quivered)
 W - 74 javelins
 X - 9 silver boomerangs
Armour
 h - a +2 pair of boots of flying
 k - a +2 pair of boots of running (worn)
 p - the +0 pair of fencer's gloves (worn) {Riposte Dex+3}
   (Okawaru gifted it to you on level 1 of the Elven Halls)

   It affects your dexterity (+3).
 t - a scarf of resistance (worn)
 A - the +2 helmet "Poent" (worn) {-Cast Str+3 Int+6}
   (Okawaru gifted it to you on level 2 of the Vaults)

   It affects your strength (+3).
   It affects your intelligence (+6).
   It prevents spellcasting.
 O - the +4 kite shield of Qabbet (worn) {MR+ Str+5}
   (You acquired it on level 4 of the Snake Pit)

   It affects your strength (+5).
   It affects your resistance to hostile enchantments.
 V - the +10 plate armour of the Turtledove (worn) {rPois Str+8 Stlth+}
   (Okawaru gifted it to you on level 1 of the Shoals)

   It affects your strength (+8).
   It protects you from poison.
   It makes you more stealthy.
Jewellery
 o - the ring "Gograunn" (right hand) {rElec Dex+4 SInv Stlth+}
   (You found it on level 6 of the Lair of Beasts)

   [ring of stealth]

   It affects your dexterity (+4).
   It insulates you from electricity.
   It lets you see invisible.
   It makes you more stealthy.
 C - an amulet of faith (around neck)
 E - a +6 ring of strength (left hand)
Wands
 F - a wand of paralysis (46)
 K - a wand of digging (25)
 L - a wand of acid (47)
 P - a wand of clouds (8)
Scrolls
 e - 12 scrolls of fog
 g - a scroll of summoning
 j - 15 scrolls of identify
 q - 6 scrolls of fear
 r - 8 scrolls of immolation
 B - 8 scrolls of teleportation
 G - 3 scrolls of blinking
 H - 10 scrolls of magic mapping
 M - 2 scrolls of silence
 S - 22 scrolls of remove curse
 T - 3 scrolls of holy word
Potions
 d - 5 potions of might
 n - 4 potions of ambrosia
 u - 2 potions of resistance
 w - 15 potions of curing
 z - 2 potions of invisibility
 D - 4 potions of cancellation
 J - 5 potions of haste
Miscellaneous
 I - 4 boxes of beasts
Comestibles
 f - 84 rations


   Skills:
 + Level 24.6(27) Fighting
 O Level 27 Axes
 + Level 15.6(20.6) Throwing
 * Level 25.3(27) Armour
 + Level 8.4(13.4) Dodging
 O Level 27 Shields
 + Level 2.0 Invocations


You had 26 spell levels left.
You didn't know any spells.
Your spell library contained the following spells:

 Spells                   Type           Power        Failure   Level  Hunger
 Animate Skeleton         Necr           N/A          50%         1    ##.....
 Apportation              Tloc           #.....       50%         1    ##.....
 Corona                   Hex            #......      50%         1    ##.....
 Foxfire                  Conj/Fire      #...         50%         1    ##.....
 Freeze                   Ice            #...         50%         1    ##.....
 Infusion                 Chrm           #...         50%         1    ##.....
 Magic Dart               Conj           #...         50%         1    ##.....
 Pain                     Necr           #...         50%         1    ##.....
 Sandblast                Erth           #.....       50%         1    ##.....
 Shock                    Conj/Air       #...         50%         1    ##.....
 Summon Small Mammal      Summ           #...         50%         1    ##.....
 Blink                    Tloc           N/A          65%         2    ###....
 Call Imp                 Summ           #.......     65%         2    ###....
 Ensorcelled Hibernation  Hex/Ice        #.....       65%         2    ###....
 Passwall                 Tmut/Erth      #.......     65%         2    ###....
 Shroud of Golubria       Chrm/Tloc      #.....       65%         2    ###....
 Slow                     Hex            #.......     65%         2    ###....
 Song of Slaying          Chrm           #.......     65%         2    ###....
 Sublimation of Blood     Necr           #.........   65%         2    ###....
 Swiftness                Chrm/Air       #.......     65%         2    ###....
 Call Canine Familiar     Summ           #.......     86%         3    ####...
 Confusing Touch          Hex            #.......     86%         3    ####...
 Conjure Flame            Conj/Fire      #.......     86%         3    ####...
 Frozen Ramparts          Ice            #.....       86%         3    ####...
 Gell's Gravitas          Tloc           #.........   86%         3    ####...
 Ignite Poison            Fire/Tmut/Pois #.......     86%         3    ####...
 Inner Flame              Hex/Fire       #.......     86%         3    ####...
 Lesser Beckoning         Tloc           #.........   86%         3    ####...
 Mephitic Cloud           Conj/Pois/Air  #.......     86%         3    ####...
 Ozocubu's Armour         Chrm/Ice       #.......     86%         3    ####...
 Recall                   Summ/Tloc      N/A          86%         3    ####...
 Spectral Weapon          Hex/Chrm       #.......     86%         3    ####...
 Static Discharge         Conj/Air       #.......     86%         3    ####...
 Stone Arrow              Conj/Erth      #.....       86%         3    ####...
 Summon Guardian Golem    Hex/Summ       #.......     86%         3    ####...
 Teleport Other           Tloc           #.......     86%         3    ####...
 Vampiric Draining        Necr           #.........   86%         3    ####...
 Airstrike                Air            #.........   99%         4    #####..
 Animate Dead             Necr           N/A          99%         4    #####..
 Dispel Undead            Necr           #.......     99%         4    #####..
 Hailstorm                Conj/Ice       #.......     99%         4    #####..
 Ice Form                 Ice/Tmut       #.......     99%         4    #####..
 Passage of Golubria      Tloc           N/A          99%         4    #####..
 Petrify                  Tmut/Erth      #.......     99%         4    #####..
 Sticky Flame             Conj/Fire      #.......     99%         4    #####..
 Summon Ice Beast         Ice/Summ       #.......     99%         4    #####..
 Summon Lightning Spire   Summ/Air       #.......     99%         4    #####..
 Agony                    Necr           #.......     100%        5    ######.
 Alistair's Intoxication  Tmut/Pois      #.......     100%        5    ######.
 Aura of Abjuration       Summ           #.........   100%        5    ######.
 Borgnjor's Vile Clutch   Necr/Erth      #.........   100%        5    ######.
 Fireball                 Conj/Fire      #.........   100%        5    ######.
 Irradiate                Conj/Tmut      #.........   100%        5    ######.
 Lightning Bolt           Conj/Air       #.........   100%        5    ######.
 Metabolic Englaciation   Hex/Ice        #.........   100%        5    ######.
 Silence                  Hex/Air        #.........   100%        5    ######.
 Summon Demon             Summ           #.........   100%        5    ######.
 Summon Forest            Summ/Tloc      #.........   100%        5    ######.
 Summon Mana Viper        Hex/Summ       #.......     100%        5    ######.
 Yara's Violent Unravell  Hex/Tmut       #.........   100%        5    ######.
 Darkness                 Hex            #.........   100%        6    #######
 Eringya's Noxious Bog    Tmut/Pois      #.........   100%        6    #######
 Freezing Cloud           Conj/Ice/Air   #.........   100%        6    #######
 Ozocubu's Refrigeration  Ice            #.........   100%        6    #######
 Shadow Creatures         Summ           N/A          100%        6    #######
 Simulacrum               Ice/Necr       #.........   100%        6    #######
 Statue Form              Tmut/Erth      #........    100%        6    #######
 Ring of Flames           Chrm/Fire      #.........   100%        7    #######


Dungeon Overview and Level Annotations

Branches:
Dungeon (15/15)            Temple (1/1) D:7            Lair (6/6) D:11
 Shoals (4/4) Lair:3        Snake (4/4) Lair:4        Slime (5/5) Lair:5
    Orc (2/2) D:10            Elf (3/3) Orc:2        Vaults (5/5) D:14
  Crypt (0/3) Vaults:3     Depths (5/5) D:15            Zot (1/5) Depths:5
Volcano (visited)

Altars:
Ashenzari
Cheibriados
Dithmenos
Elyvilon
Fedhas
Gozag
Hepliaklqana
Kikubaaqudgha
Makhleb
Nemelex Xobeh
Okawaru
Qazlal
Ru
Sif Muna
Trog
Uskayaw
Vehumet
Wu Jian
Xom
Yredelemnul
Zin
The Shining One
Beogh
Lugonu

Shops:
D:4 (   D:6 [   D:12 %=*}*   Orc:1 *   Orc:2 [[!?}   Elf:1 (   Shoals:2 ??[
Shoals:4 (   Snake:4 **(=   Vaults:1 (   Vaults:4 [   Vaults:5 !!%   Depths:1 [
Depths:4 %

Portals:
Hell: Depths:1 Depths:2 Depths:3 Depths:4 Depths:5
Abyss: Depths:3 Depths:4
Pandemonium: Depths:1 Depths:2 Depths:3 Depths:4
Ziggurat: Depths:1

Annotations:
Depths:3 3 runed translucent doors


Innate Abilities, Weirdness & Mutations

You have large cloven feet.
You are partially covered in thin metallic scales. (AC +2)
Scrolls take you a little longer to read.
Armour fits poorly on your strangely shaped body.
You are extremely frail. (-30% HP)
Your system is resistant to poisons. (rPois)


Message History

* * * LOW HITPOINT WARNING * * *
Unknown command.
Unknown command.
Unknown command.
Unknown command.
Really read with blurry vision while enemies are nearby?
The wind drake exhales a fierce blast of wind!
You are blown backwards!
The monsters around you are blown away!
You begin reading the scroll.
You continue reading the scroll.
You feel yourself speed up.
The death drake disappears in a puff of smoke!
The rime drake breathes ice at you. The flash freeze misses you.
You block the yellow draconian stormcaller's attack.
The wind drake bites you but does no damage.
The komodo dragon hisses menacingly.
You block the rime drake's attack.
The green draconian stormcaller mumbles some strange prayers to Qazlal against you.
Qazlal smites you!
You die...

...............
...............###..#
...........)...#q#..#
###≈≈≈≈≈≈.##...###..#
#q#≈≈≈≈≈≈#.#........#
###≈≈≈≈≈≈#§#........# #
≈≈≈...>.d≈k≈d....####....
≈≈≈..>l.l@qld....#.##..# .
≈≈≈...>k.≈kkkd...###...# .
###≈≈≈≈≈≈###.k......#'###'
#q#≈≈≈≈≈≈#.#..............
###≈≈≈≈≈≈##....###........
..............)#.#....[...
...............))#........
....^.....................
###...................)...


You could see 2 draconians, 2 draconians, 2 draconians, a death drake
(summoned), 2 wind drakes, 3 komodo dragons and 3 rime drakes.

Vanquished Creatures
  Dissolution (Slime:2)
  the Royal Jelly (Slime:5)
  A juggernaut (Depths:4)
  Boris (Depths:5)
  6 caustic shrikes
  Vashnia (Snake:2)
  Margery (Vaults:2)
  A golden dragon (shapeshifter) (Depths:2)
  Nikola (Snake:1)
  8 golden dragons
  the Enchantress (Depths:3)
  A bone dragon (Abyss:3)
  An electric golem (Zot:1)
  7 liches
  The ghost of abarbat the Executioner, an adept MiBe of Trog (Vaults:3)
  Jorgrun (Snake:2)
  8 tentacled monstrosities
  5 deep elf blademasters
  A deep elf master archer (Elf:3)
  5 titans
  A quicksilver dragon (Vaults:5)
  9 sphinxes
  20 acid blobs
  Frances (Shoals:1)
  4 tentacled starspawn
  An Executioner (Abyss:3)
  4 krakens
  The ghost of AlexTheUnready the Tortoise, an adept MiHu of Okawaru (Shoals:3)
  9 storm dragons
  4 shadow dragons (Vaults:5)
  7 draconian monks
  9 tengu reavers
  8 nagarajas
  Ilsuiw (Shoals:3)
  13 frost giants
  10 fire giants
  12 azure jellies
  5 deep elf sorcerers
  3 draconian scorchers (Zot:1)
  2 iron dragons
  A draconian knight (Zot:1)
  2 draconian shifters
  20 vault wardens
  7 deep elf elementalists
  7 spriggan defenders
  2 draconian stormcallers (Zot:1)
  An entropy weaver (shapeshifter) (Depths:2)
  38 very ugly things
  3 vampire knights
  11 ironheart preservers
  4 entropy weavers
  4 draconian annihilators
  24 stone giants
  8 deep elf demonologists
  7 green draconians
  5 black draconians
  6 dire elephants (Lair:6)
  11 deep elf annihilators
  A war gargoyle (Vaults:5)
  7 white draconians (Depths:5)
  2 red draconians (Depths:5)
  2 purple draconians
  9 spark wasps
  A minotaur (Depths:1)
  9 deep elf death magi
  2 yellow draconians (Zot:1)
  20 ettins
  Snorg (D:13)
  12 fire dragons
  2 jiangshi (Depths:5)
  5 merfolk javelineers
  7 hydras
  10 death oozes
  6 deep elf high priests
  10 merfolk impalers
  18 yaktaur captains
  Erolcha (Orc:2)
  32 vault guards
  20 great orbs of eyes
  2 monstrous demonspawn (Depths:3)
  7 rakshasas
  14 anacondas
  12 ice dragons
  8 spriggan air magi
  15 naga warriors
  5 merfolk avatars
  19 ogre magi
  2 alligator snapping turtles
  39 two-headed ogres
  11 centaur warriors
  3 death knights
  A two-headed ogre (shapeshifter) (Vaults:5)
  31 dancing weapons
  9 tengu warriors
  10 deep troll shamans
  4 merfolk aquamancers (Shoals:4)
  The ghost of Thomus the Cleaver, a novice HOFi (D:8)
  6 satyrs
  A vampire mage (Depths:5)
  7 thrashing horrors
  An orc high priest (Elf:2)
  5 death yaks (Lair:6)
  10 spriggan berserkers
  4 deep troll earth magi
  21 hell knights
  A sun demon (Abyss:2)
  4 shadow wraiths
  15 naga sharpshooters
  Nergalle (Orc:2)
  25 deep elf knights
  10 shock serpents
  5 wretched stars
  6 salamander mystics (Snake:4)
  5 iron trolls
  16 deep trolls
  7 skeletal warriors
  12 sea snakes
  3 death drakes (Depths:5)
  An unseen horror (D:11)
  A torturous demonspawn (Depths:3)
  14 deep elf archers
  2 flayed ghosts
  4 glowing orange brains
  A glowing orange brain (shapeshifter) (Vaults:5)
  7 wizards
  5 naga ritualists
  8 lindwurms
  A swamp dragon (shapeshifter) (Vaults:1)
  An obsidian statue (Shoals:3)
  2 phantasmal warriors
  An orb spider (shapeshifter) (Vaults:3)
  16 ironbrand convokers
  21 harpies
  10 orc sorcerers
  6 necromancers
  5 wolf spiders
  63 deep elf magi
  15 shining eyes
  The ghost of AlexTheUnready the Chiller, a novice DgIE (D:5)
  A mana viper (shapeshifter) (Depths:3)
  11 orc knights
  2 wolf spiders (shapeshifter)
  9 cyclopes
  20 mana vipers
  39 ugly things
  17 manticores
  A shining eye (shapeshifter) (Vaults:5)
  4 salamanders
  22 fauns
  16 elephants
  12 merfolk sirens
  A guardian serpent (shapeshifter) (Vaults:3)
  20 naga magi
  12 guardian serpents
  A moth of wrath (Zot:1)
  12 vault sentinels
  36 black mambas
  An orange demon (Abyss:3)
  6 smoke demons
  5 eyes of devastation
  5 water nymphs
  5 centaur skeletons
  A spiny frog (shapeshifter) (Depths:4)
  4 gargoyles
  4 rime drakes
  15 spiny frogs
  4 freezing wraiths
  56 yaktaurs
  An efreet (Abyss:3)
  An ice devil (Depths:3)
  5 komodo dragons
  3 kobold demonologists
  A tormentor (Depths:3)
  4 demonic crawlers
  30 merfolk
  2 red devils (Volcano)
  3 tengu conjurers
  5 trolls
  2 queen bees
  A harpy zombie (Shoals:3)
  A jumping spider (Vaults:4)
  5 ancient zymes
  A queen bee (shapeshifter) (Vaults:4)
  5 meliai (Abyss:3)
  13 wind drakes
  79 slime creatures
  A hornet (shapeshifter) (Elf:1)
  14 large abominations
  9 hornets
  18 blink frogs
  8 raiju
  A dream sheep (shapeshifter) (Vaults:5)
  10 snapping turtles
  A meliai zombie (D:11)
  14 dream sheep
  16 hippogriffs
  19 small abominations
  4 wyverns
  4 wraiths
  A vampire (D:10)
  A tarantella (shapeshifter) (Vaults:5)
  A shadow (D:11)
  6 air elementals
  5 redbacks
  43 yaks
  3 fire elementals
  15 water elementals
  8 spriggans
  2 fire bats (Abyss:3)
  A steam dragon (Lair:4)
  4 basilisks
  2 humans (shapeshifter)
  11 golden eyes
  3 hungry ghosts
  4 chaos spawn
  5 vampire mosquitoes
  2 human simulacra
  4 neqoxecs (Abyss:3)
  3 wargs
  34 nagas
  An acid dragon (D:14)
  A soldier ant (shapeshifter) (Vaults:1)
  18 water moccasins
  13 porcupines
  7 hell hounds
  6 sky beasts
  A water moccasin (shapeshifter) (Depths:1)
  2 floating eyes
  A floating eye (shapeshifter) (D:15)
  5 ice beasts
  4 swamp drakes (Depths:5)
  12 eyes of draining
  26 orc warriors
  A black bear (D:8)
  48 ogres
  4 phantoms
  A necrophage (D:13)
  18 boggarts
  16 centaurs
  12 wolves
  24 crocodiles
  2 hippogriff zombies (Shoals:3)
  A big kobold (shapeshifter) (Vaults:4)
  9 big kobolds
  28 bullfrogs
  5 earth elementals
  A water moccasin zombie (D:9)
  2 gnoll sergeants
  2 wyvern skeletons
  27 killer bees
  6 scorpions
  9 wights
  2 electric eels (Snake:3)
  A howler monkey (D:6)
  10 crimson imps
  A bullfrog zombie (D:11)
  6 starcursed masses (Abyss:2)
  4 quasits
  6 centaur zombies
  15 jellies
  7 hounds
  16 orc priests
  37 orc wizards
  Crazy Yiuf (D:7)
  5 iron imps
  3 bullfrog skeletons
  8 iguanas
  Ijyb (D:3)
  Natasha (thrice) (D:2)
  13 worker ants
  A hound zombie (D:8)
  3 hound skeletons
  2 worker ant zombies
  Robin (D:2)
  15 gnolls
  A howler monkey zombie (D:6)
  18 adders
  2 howler monkey skeletons (D:5)
  4 shadow imps
  2 ufetubi
  4 oozes
  An adder zombie (D:5)
  2 worms
  7 dart slugs
  6 leopard geckos
  79 orcs
  A bat zombie (Shoals:3)
  6 giant cockroaches
  24 goblins
  6 hobgoblins
  13 jackals
  4 quokkas
  7 ball pythons
  9 bats
  7 frilled lizards
  26 kobolds
  A leopard gecko skeleton (D:6)
  A quokka zombie (D:5)
  10 rats
  6 fungi
  A lurking horror (Abyss:2)
  32 plants
  7 starspawn tentacles
  9 tentacles (Shoals:4)
2609 creatures vanquished.

Vanquished Creatures (collateral kills)
  2 killer bees (Lair:1)
2 creatures vanquished.

Vanquished Creatures (others)
  A yaktaur captain (Depths:5)
  A naga mage (Snake:2)
  A black mamba (Snake:3)
  An orc warrior (Elf:1)
  A wolf (shapeshifter) (Elf:1)
  2 boggarts
  2 small abominations (Abyss:3)
  2 killer bees (Lair:1)
  An orc wizard (Elf:1)
  4 orcs
  2 crawling corpses (Elf:1)
  5 fungi
  19 plants
  6 starspawn tentacles
  21 tentacles
  4 withered plants
73 creatures vanquished.

Grand Total: 2684 creatures vanquished

Notes
Turn   | Place    | Note
-------+----------+-------------------------------------------
     0 | D:1      | Thomus the Hill Orc Fighter began the quest for the Orb.
     0 | D:1      | Reached XP level 1. HP: 19/19 MP: 1/1
   232 | D:1      | Reached XP level 2. HP: 27/27 MP: 2/2
   454 | D:1      | Reached XP level 3. HP: 32/33 MP: 3/3
  1129 | D:2      | Found a white marble altar of Elyvilon.
  1130 | D:2      | Found an iron altar of Okawaru.
  1130 | D:2      | Noticed Robin
  1303 | D:2      | Reached XP level 4. HP: 34/40 MP: 4/4
  1325 | D:2      | Reached skill level 5 in Axes
  1329 | D:2      | Killed Robin
  1671 | D:2      | Found a basalt altar of Yredelemnul.
  1688 | D:2      | Became a worshipper of Warmaster Okawaru
  1753 | D:2      | Noticed Natasha
  1759 | D:2      | Killed Natasha
  1759 | D:2      | Reached XP level 5. HP: 40/46 MP: 5/5
  1983 | D:2      | You fall into a shaft and drop 1 floor!
  2701 | D:3      | Found an iron altar of Okawaru.
  2829 | D:3      | Noticed Ijyb
  2855 | D:3      | Killed Ijyb
  2855 | D:3      | Reached * piety under Okawaru
  2855 | D:3      | Reached XP level 6. HP: 48/53 MP: 6/6
  3625 | D:2      | Noticed Natasha
  3633 | D:2      | Killed Natasha
  3995 | D:2      | Noticed Natasha
  4003 | D:2      | Killed Natasha
  4635 | D:4      | Found a burning altar of Makhleb.
  4648 | D:4      | Reached XP level 7. HP: 55/60 MP: 7/7
  4725 | D:4      | Found a shadowy altar of Dithmenos.
  5009 | D:4      | Reached skill level 1 in Dodging
  5218 | D:4      | Found Qoig Inia's Antique Weapon Shop.
  5462 | D:4      | Found a sparkling altar of Nemelex Xobeh.
  5462 | D:4      | Found an opulent altar of Gozag.
  5702 | D:5      | Entered Level 5 of the Dungeon
  5780 | D:5      | Found a runed translucent gate.
  5809 | D:4      | Reached ** piety under Okawaru
  5809 | D:4      | Reached XP level 8. HP: 61/67 MP: 8/8
  5910 | D:5      | Reached skill level 5 in Armour
  5931 | D:5      | Found a runed translucent gate.
  5946 | D:5      | Found a runed translucent gate.
  5950 | D:5      | Noticed AlexTheUnready's ghost (novice DgIE)
  5973 | D:5      | Reached skill level 5 in Fighting
  6057 | D:5      | Reached skill level 5 in Shields
  6259 | D:5      | Found a sacrificial altar of Ru.
  6699 | D:5      | Reached skill level 1 in Throwing
  6958 | D:5      | Found a bloodstained altar of Trog.
  6968 | D:5      | Reached skill level 10 in Axes
  7763 | D:6      | Reached *** piety under Okawaru
  7763 | D:6      | Reached XP level 9. HP: 8/74 MP: 9/9
  8138 | D:6      | Found Ymnajob's Antique Armour Boutique.
  8588 | D:7      | Found a staircase to the Ecumenical Temple.
  8594 | Temple   | Entered the Ecumenical Temple
  9292 | D:7      | Found a blossoming altar of Fedhas.
  9292 | D:7      | Found a faded altar of an unknown god.
  9297 | D:7      | Found a bloodstained altar of Trog.
  9299 | D:7      | Found an ancient bone altar of Kikubaaqudgha.
  9300 | D:7      | Found a hide-covered altar of Uskayaw.
  9329 | D:7      | Found a runed translucent door.
  9330 | D:7      | Noticed Crazy Yiuf
  9346 | D:7      | Killed Crazy Yiuf
  9701 | D:7      | Reached **** piety under Okawaru
 10039 | D:8      | Found a runed translucent door.
 10040 | D:8      | Noticed Thomus's ghost (novice HOFi)
 10720 | D:9      | Reached XP level 10. HP: 84/84 MP: 10/10
 10774 | D:9      | Reached ***** piety under Okawaru
 11281 | D:9      | Found a glowing silver altar of Zin.
 11283 | D:9      | Noticed an angel
 11284 | D:9      | Found a shimmering altar of Xom.
 11748 | D:9      | Found a sacrificial altar of Ru.
 11771 | D:10     | Entered Level 10 of the Dungeon
 11950 | D:10     | Found a staircase to the Orcish Mines.
 12154 | D:10     | Received a gift from Okawaru
 12354 | D:10     | Noticed a cyclops
 12368 | D:10     | Killed a cyclops
 12368 | D:10     | Received a gift from Okawaru
 12368 | D:10     | Reached XP level 11. HP: 80/92 MP: 11/11
 12574 | D:10     | Identified the +5 flail "Wolukh" {vorpal, rElec rN+ Int-5}
 12619 | D:10     | Reached skill level 15 in Axes
 13137 | D:11     | Noticed a red ugly thing
 13146 | D:11     | Killed a red ugly thing
 13184 | D:11     | Received a gift from Okawaru
 13281 | D:11     | Paralysed by a hornet for 3 turns
 13284 | D:11     | Reached ****** piety under Okawaru
 13392 | D:11     | Noticed a seven-headed hydra
 13393 | D:11     | Noticed a manticore
 13533 | D:11     | Received a gift from Okawaru
 13610 | D:11     | Found a staircase to the Lair.
 13614 | D:11     | Noticed a brown ugly thing
 13626 | D:11     | Killed a brown ugly thing
 13722 | D:11     | Killed a seven-headed hydra
 13957 | D:11     | Killed a manticore
 14094 | D:11     | Noticed a manticore
 14105 | D:11     | Killed a manticore
 14105 | D:11     | Reached XP level 12. HP: 65/102 MP: 12/12
 15145 | D:12     | Found Ismemoera's Assorted Antiques.
 15155 | D:12     | Reached skill level 10 in Armour
 15169 | D:12     | Found Zuarchi's Gadget Boutique.
 15219 | D:12     | Identified a scroll of acquirement
 15220 | D:12     | Acquired a manual of Armour
 15249 | D:12     | Found Xeninosk's General Store.
 15256 | D:12     | Bought a scroll of identify for 30 gold pieces
 15320 | D:12     | Received a gift from Okawaru
 15678 | D:12     | Found Onefig's Jewellery Emporium.
 15685 | D:12     | Bought an uncursed amulet of faith for 600 gold pieces
 16328 | D:12     | Found Qeocil's Food Boutique.
 16411 | Lair:1   | Entered Level 1 of the Lair of Beasts
 17109 | Lair:1   | Found an ornate altar of the Wu Jian Council.
 17466 | Lair:1   | Acquired 430 gold pieces
 17635 | Lair:2   | Received a gift from Okawaru
 17790 | Lair:2   | Reached skill level 10 in Shields
 17883 | Lair:2   | Reached XP level 13. HP: 103/111 MP: 13/13
 18143 | Lair:2   | Found a shimmering altar of Xom.
 19873 | Lair:3   | Received a gift from Okawaru
 19873 | Lair:3   | Reached skill level 10 in Fighting
 20288 | Lair:3   | Found a staircase to the Shoals.
 20907 | Lair:4   | Received a gift from Okawaru
 20922 | Lair:4   | Reached skill level 5 in Throwing
 20924 | Lair:4   | Got a shimmering buckler {god gift}
 20935 | Lair:4   | Identified the +0 buckler of Liapoas {Dex+4} (Okawaru
                  | gifted it to you on level 4 of the Lair of Beasts)
 21045 | Lair:4   | Found a staircase to the Snake Pit.
 21455 | Lair:4   | Found a dark tunnel.
 21460 | Volcano  | Entered a volcano
 21562 | Volcano  | Paralysed by an orc sorcerer for 5 turns
 22737 | Lair:5   | Reached XP level 14. HP: 105/122 MP: 14/14
 23231 | Lair:5   | Received a gift from Okawaru
 23270 | Lair:5   | Found a staircase to the Slime Pits.
 23482 | Lair:5   | Received a gift from Okawaru
 24726 | Orc:1    | Entered Level 1 of the Orcish Mines
 24797 | Orc:1    | Found Ikkast's General Store.
 24804 | Orc:1    | Bought a scroll of identify for 26 gold pieces
 24812 | Orc:1    | Noticed a stone giant
 24829 | Orc:1    | Killed a stone giant
 24885 | Orc:1    | Reached skill level 15 in Armour
 25511 | Orc:2    | Entered Level 2 of the Orcish Mines
 25646 | Orc:2    | Found a staircase to the Elven Halls.
 25678 | Orc:2    | Found Ruintuox's Antique Armour Boutique.
 25947 | Orc:2    | Received a gift from Okawaru
 25952 | Orc:2    | Got a fading war axe {god gift}
 25953 | Orc:2    | Identified the +6 war axe of Plague {venom, rPois Int+10
                  | Dex-3} (Okawaru gifted it to you on level 2 of the Orcish
                  | Mines)
 26144 | Orc:2    | Found Zuenef's Gadget Shop.
 26353 | Orc:2    | Found an ancient bone altar of Kikubaaqudgha.
 26354 | Orc:2    | Noticed Nergalle
 26366 | Orc:2    | Killed Nergalle
 26368 | Orc:2    | Found Tosatticsu's Distillery.
 26543 | Orc:2    | Noticed Erolcha
 26554 | Orc:2    | Killed Erolcha
 26617 | Orc:2    | Found a radiant altar of Vehumet.
 26672 | Orc:2    | Found a roughly hewn altar of Beogh.
 26673 | Orc:2    | Paralysed by an orc sorcerer for 7 turns
 26683 | Orc:2    | Paralysed by an orc sorcerer for 3 turns
 27020 | Orc:2    | Found Penyajuh's Antique Armour Shop.
 27186 | Orc:2    | Found Haosejab's Magic Scroll Boutique.
 27196 | Orc:2    | Bought a scroll of random uselessness for 13 gold pieces
 27196 | Orc:2    | Bought a scroll of identify for 26 gold pieces
 27393 | Orc:2    | Bought a fading plate armour for 560 gold pieces
 27403 | Orc:2    | Identified the +6 plate armour of Ygihecirch {*Slow rPois
                  | rN+++ MR-} (You bought it in a shop on level 2 of the
                  | Orcish Mines)
 27621 | Orc:1    | Received a gift from Okawaru
 28055 | Orc:1    | Paralysed by an orc sorcerer for 7 turns
 28575 | D:6      | Bought a warped plate armour for 616 gold pieces
 28575 | D:6      | Bought a shiny helmet for 165 gold pieces
 28575 | D:6      | Bought a pair of runed gloves for 165 gold pieces
 28585 | D:6      | Identified the +5 plate armour of Protective Custody {rPois
                  | rC- rN+} (You bought it in a shop on level 6 of the
                  | Dungeon)
 28860 | D:13     | Noticed Snorg
 28869 | D:13     | Killed Snorg
 29002 | D:13     | Received a gift from Okawaru
 29006 | D:13     | Got a jewelled arbalest {god gift}
 30128 | D:14     | Reached XP level 15. HP: 130/130 MP: 15/15
 30306 | D:14     | Received a gift from Okawaru
 30528 | D:14     | Found a gate to the Vaults.
 30596 | D:14     | Received a gift from Okawaru
 31411 | D:14     | Found a glowing golden altar of the Shining One.
 31914 | D:15     | Entered Level 15 of the Dungeon
 32601 | D:15     | Cast into level 3 of the Abyss (a wizard)
 32651 | Abyss:3  | Noticed a tentacled starspawn
 32660 | Abyss:3  | Killed a tentacled starspawn
 32755 | Abyss:3  | Noticed an Executioner
 32764 | Abyss:3  | Noticed a tentacled starspawn
 32772 | Abyss:3  | Killed an Executioner
 32772 | Abyss:3  | Received a gift from Okawaru
 32775 | Abyss:3  | Killed a tentacled starspawn
 32777 | D:15     | Escaped the Abyss
 33122 | D:15     | Received a gift from Okawaru
 33133 | D:15     | Got an ancient hat {god gift}
 33144 | D:15     | Identified the +0 hat "Goupoutt" {Regen+} (Okawaru gifted
                  | it to you on level 15 of the Dungeon)
 33452 | D:15     | Reached XP level 16. HP: 136/139 MP: 16/16
 33494 | D:15     | Found a staircase to the Depths.
 33864 | Lair:1   | Identified the +6 arbalest of Eternal War {vorpal, rElec
                  | MP+9 Dex-3 SInv} (Okawaru gifted it to you on level 13 of
                  | the Dungeon)
 33985 | Lair:6   | Entered Level 6 of the Lair of Beasts
 34086 | Lair:6   | Received a gift from Okawaru
 35305 | Lair:6   | Received a gift from Okawaru
 35427 | Lair:6   | Got a glittering bone ring
 35428 | Lair:6   | Identified the ring "Gograunn" {rElec Dex+4 SInv Stlth+}
                  | (You found it on level 6 of the Lair of Beasts)
 35532 | Lair:6   | Received a gift from Okawaru
 35918 | Shoals:1 | Entered Level 1 of the Shoals
 35921 | Shoals:1 | Received a gift from Okawaru
 36296 | Shoals:1 | Noticed Frances
 36330 | Shoals:1 | Killed Frances
 37179 | Shoals:1 | Reached XP level 17. HP: 150/150 MP: 17/17
 37229 | Shoals:2 | Cast into level 2 of the Abyss (faun)
 37312 | Abyss:2  | Paralysed by accursed screaming for 1 turns
 37338 | Abyss:2  | Paralysed by accursed screaming for 1 turns
 37343 | Abyss:2  | Paralysed by accursed screaming for 1 turns
 37345 | Abyss:2  | Reached skill level 15 in Shields
 37372 | Abyss:2  | HP: 1/150 [smoke demon/divine providence (16)]
 37560 | Abyss:3  | Noticed a bone dragon
 37594 | Abyss:3  | Killed a bone dragon
 37594 | Abyss:3  | Received a gift from Okawaru
 37594 | Abyss:3  | Reached skill level 1 in Invocations
 37597 | Abyss:3  | Got a pair of faintly humming gloves {god gift}
 37608 | Abyss:3  | Identified the +0 pair of gloves "Apettad" {rC+ MR+ Dex+3}
                  | (Okawaru gifted it to you on level 3 of the Abyss)
 37727 | Shoals:2 | Escaped the Abyss
 38290 | Shoals:2 | Found Xafy's Antique Armour Shop.
 38538 | Shoals:2 | Noticed a kraken
 38553 | Shoals:2 | Killed a kraken
 38874 | Shoals:2 | Found Haudo's Magic Scroll Shoppe.
 38878 | Shoals:2 | Found Holleito's Magic Scroll Shoppe.
 38988 | Shoals:2 | Bought a scroll of identify for 40 gold pieces
 38994 | Shoals:2 | Bought a scroll of identify for 30 gold pieces
 39377 | Shoals:3 | Received a gift from Okawaru
 39443 | Shoals:3 | Noticed Ilsuiw
 39518 | Shoals:3 | Killed Ilsuiw
 40129 | Shoals:3 | Found a runed translucent gate.
 40131 | Shoals:3 | Found a runed translucent gate.
 40132 | Shoals:3 | Found a runed translucent gate.
 40132 | Shoals:3 | Found an opulent altar of Gozag.
 40707 | Lair:1   | Reached skill level 5 in Dodging
 40707 | Lair:1   | Reached XP level 18. HP: 160/160 MP: 18/18
 40824 | Snake:1  | Entered Level 1 of the Snake Pit
 40830 | Snake:1  | Got a fine tower shield
 40857 | Lair:4   | Identified the +2 tower shield of the Shining Light {Harm
                  | rElec Str-3 SInv} (You found it on level 1 of the Snake
                  | Pit)
 40874 | Snake:1  | Received a gift from Okawaru
 41359 | Snake:1  | Received a gift from Okawaru
 41495 | Snake:1  | Noticed Nikola
 41510 | Snake:1  | Killed Nikola
 41927 | Snake:2  | Reached XP level 19. HP: 167/167 MP: 19/19
 42003 | Snake:2  | Noticed Vashnia
 42263 | Snake:2  | Killed Vashnia
 42424 | Snake:2  | Noticed Jorgrun
 42440 | Snake:2  | Killed Jorgrun
 43294 | Snake:2  | Received a gift from Okawaru
 43758 | Snake:3  | Received a gift from Okawaru
 44195 | Snake:4  | Entered Level 4 of the Snake Pit
 44382 | Snake:4  | Found Ciotzonu's Jewellery Boutique.
 44632 | Snake:4  | Found Qaet's General Store.
 44635 | Snake:4  | Got a pair of faintly humming gloves
 44646 | Snake:4  | Identified the +0 pair of gloves "Uburaq" {Str+2} (You
                  | found it on level 4 of the Snake Pit)
 44661 | Snake:4  | Bought a scroll of identify for 42 gold pieces
 44687 | Snake:4  | Found Ojaohed's Antique Weapon Boutique.
 44815 | Snake:4  | Found Qity's General Store.
 45130 | Snake:4  | Received a gift from Okawaru
 45592 | Snake:4  | Reached skill level 15 in Fighting
 45599 | Snake:4  | Reached XP level 20. HP: 131/178 MP: 20/20
 45680 | Snake:4  | Received a gift from Okawaru
 45806 | Snake:4  | Received a gift from Okawaru
 46042 | Snake:4  | Got a serpentine rune of Zot
 46835 | Shoals:4 | Entered Level 4 of the Shoals
 46894 | Shoals:4 | Found Nousutt's Antique Weapon Boutique.
 47365 | Shoals:3 | Acquired 680 gold pieces
 47571 | Snake:4  | Bought a scroll of acquirement for 936 gold pieces
 47571 | Snake:4  | Acquired a manual of Armour
 47812 | Shoals:4 | Received a gift from Okawaru
 48114 | Shoals:4 | Received a gift from Okawaru
 48865 | Shoals:4 | Identified a +1 pair of boots of running (You found it on
                  | level 4 of the Shoals)
 49182 | Shoals:4 | Identified the ring "Gureiliecs" {Wiz MP+9 Str-3 Int+4}
 49190 | Shoals:4 | Received a gift from Okawaru
 49591 | Shoals:4 | Got a barnacled rune of Zot
 50002 | Elf:1    | Entered Level 1 of the Elven Halls
 50450 | Elf:1    | Reached XP level 21. HP: 183/188 MP: 22/22
 50808 | Elf:1    | Found Kiracs's Antique Weapon Shoppe.
 51140 | Elf:1    | Found a runed translucent gate.
 51140 | Elf:1    | Found a runed translucent gate.
 51140 | Elf:1    | Found a runed translucent gate.
 51140 | Elf:1    | Found a runed translucent gate.
 51140 | Elf:1    | Found a runed translucent gate.
 51142 | Elf:1    | Found a runed translucent gate.
 51143 | Elf:1    | Received a gift from Okawaru
 51144 | Elf:1    | Found the +0 pair of fencer's gloves {Riposte Dex+3}
 51721 | Snake:4  | Bought a scroll of acquirement for 1092 gold pieces
 51731 | Snake:4  | Acquired the +4 kite shield of Qabbet {MR+ Str+5}
 52634 | Elf:2    | Reached skill level 10 in Throwing
 52740 | Elf:2    | Found a huge runed translucent gate.
 52740 | Elf:2    | Found a huge runed translucent gate.
 52740 | Elf:2    | Found a huge runed translucent gate.
 52740 | Elf:2    | Found a huge runed translucent gate.
 52742 | Elf:2    | Found a huge runed translucent gate.
 53206 | Elf:2    | Received a gift from Okawaru
 53415 | Elf:3    | Entered Level 3 of the Elven Halls
 53653 | Elf:3    | Received a gift from Okawaru
 53732 | Elf:3    | Received a gift from Okawaru
 53842 | Elf:3    | Identified the amulet of the Komtur {Acrobat MP+9}
 53876 | Elf:3    | Received a gift from Okawaru
 54124 | Elf:3    | Received a gift from Okawaru
 54304 | Elf:2    | Reached XP level 22. HP: 198/198 MP: 23/23
 54426 | Elf:3    | Cast into level 2 of the Abyss (a deep elf demonologist)
 54484 | Abyss:2  | Found a corrupted altar of Lugonu.
 54876 | Elf:3    | Escaped the Abyss
 55485 | Elf:3    | Identified the +7 glaive of the New World {vorpal, Dex+3}
 55491 | Elf:3    | Identified the cursed +2 short sword "Rohurph" {elec, rF+
                  | rC+ rN+ Dex-3}
 55557 | Elf:3    | Identified the Disquisition on Shape Shifting
 55584 | Elf:3    | Received a gift from Okawaru
 55670 | Elf:3    | Identified the Handbook of Stolen Souls and Ignition
 56122 | Vaults:1 | Entered Level 1 of the Vaults
 56751 | Vaults:1 | Reached XP level 23. HP: 206/206 MP: 24/24
 57037 | Vaults:1 | Found Ysaptapo's Antique Weapon Boutique.
 57528 | Vaults:2 | Received a gift from Okawaru
 57530 | Vaults:2 | Noticed Margery
 57544 | Vaults:2 | Killed Margery
 58145 | Vaults:2 | Received a gift from Okawaru
 58193 | Vaults:2 | Got a bloodstained helmet {god gift}
 58204 | Vaults:2 | Identified the +2 helmet "Poent" {-Cast Str+3 Int+6}
                  | (Okawaru gifted it to you on level 2 of the Vaults)
 58352 | Vaults:2 | Reached XP level 24. HP: 197/216 MP: 24/24
 59136 | Vaults:3 | Cast into level 3 of the Abyss (vault warden)
 59214 | Abyss:3  | Gained mutation: Scrolls take you a little longer to read.
                  | [a neqoxec]
 59452 | Vaults:3 | Escaped the Abyss
 59902 | Vaults:3 | Found a staircase to the Crypt.
 59960 | Vaults:3 | Found a runed translucent door.
 59960 | Vaults:3 | Noticed abarbat's ghost (adept MiBe)
 60050 | Vaults:3 | Received a gift from Okawaru
 60152 | Vaults:3 | Received a gift from Okawaru
 61047 | Vaults:3 | Received a gift from Okawaru
 61571 | Shoals:1 | Got a transparent plate armour {god gift}
 61582 | Shoals:1 | Identified the +10 plate armour of the Turtledove {rPois
                  | Str+8 Stlth+} (Okawaru gifted it to you on level 1 of the
                  | Shoals)
 61940 | Vaults:4 | Found Ajirphu's Armour Boutique.
 62741 | Vaults:4 | Reached XP level 25. HP: 226/226 MP: 24/24
 63374 | Vaults:4 | Received a gift from Okawaru
 63824 | Vaults:5 | Entered Level 5 of the Vaults
 63830 | Vaults:5 | Received a gift from Okawaru
 64203 | Vaults:5 | Received a gift from Okawaru
 64471 | Vaults:5 | Got a pitted plate armour {god gift}
 64539 | Vaults:4 | Identified the +10 plate armour "Esumuem" {rElec Regen+}
                  | (Okawaru gifted it to you on level 5 of the Vaults)
 64600 | Vaults:5 | Got a pair of pitted gloves
 64650 | Vaults:5 | Identified the +0 pair of gloves "Tabro" {-Tele MR+ Dex+3}
                  | (You found it on level 5 of the Vaults)
 64743 | Vaults:5 | Found Peynoatz's Distillery.
 64795 | Vaults:5 | Found Umid's Food Shoppe.
 64899 | Vaults:5 | Received a gift from Okawaru
 65487 | Vaults:5 | Reached XP level 26. HP: 197/237 MP: 24/24
 65626 | Vaults:5 | Got a clouded turquoise ring
 65628 | Vaults:5 | Identified the ring of the Will of the Gods {rElec rC-
                  | rN+++ Str-3 Slay+4} (You found it on level 5 of the Vaults)
 66014 | Vaults:5 | Received a gift from Okawaru
 66061 | Vaults:5 | Received a gift from Okawaru
 66461 | Vaults:5 | Found the +7 pair of quick blades "Gyre" and "Gimble"
                  | {protect}
 66488 | Vaults:5 | Got a brightly glowing glass ring
 66490 | Vaults:5 | Got a silver rune of Zot
 66608 | Vaults:5 | Found Coblyhug's Distillery.
 66927 | Lair:1   | Identified the ring of Orthodoxy {Wiz rPois Int+2 Slay+2}
                  | (You found it on level 5 of the Vaults)
 67105 | D:5      | Killed AlexTheUnready's ghost
 67242 | D:8      | Killed Thomus's ghost
 67545 | Shoals:3 | Noticed AlexTheUnready's ghost (adept MiHu)
 67591 | Shoals:3 | Killed AlexTheUnready's ghost
 68238 | Vaults:3 | Killed abarbat's ghost
 68541 | Depths:1 | Entered Level 1 of the Depths
 68541 | Depths:1 | Found a gateway to a ziggurat.
 68589 | Depths:1 | Found Nebb's Armour Emporium.
 68607 | Depths:1 | Found a gateway to Hell.
 68928 | Depths:1 | Found a one-way gate leading to the halls of Pandemonium.
 69534 | Depths:1 | You fall into a shaft and drop 1 floor!
 69856 | Depths:1 | Received a gift from Okawaru
 70083 | Depths:1 | Found the +8 autumn katana {vorpal, Clar}
 70392 | Depths:2 | Found a radiant altar of Vehumet.
 70393 | Depths:2 | Found a glowing golden altar of the Shining One.
 70393 | Depths:2 | Found an ancient bone altar of Kikubaaqudgha.
 70536 | Depths:2 | Reached XP level 27. HP: 188/248 MP: 24/24
 71115 | Depths:2 | Received a gift from Okawaru
 71362 | Depths:2 | Identified the Collected Works on Freezing Clay
 71428 | Depths:2 | Received a gift from Okawaru
 71585 | Depths:2 | Reached skill level 27 in Axes
 72027 | Depths:2 | Received a gift from Okawaru
 72097 | Depths:2 | Got a crystal broad axe {god gift}
 72098 | Depths:2 | Identified the +1 broad axe of Impatience {drain, *Drain
                  | rC+ Dex+5} (Okawaru gifted it to you on level 2 of the
                  | Depths)
 72677 | Depths:3 | Found a runed translucent door.
 72679 | Depths:3 | Found a runed translucent door.
 72836 | Depths:3 | Found a runed translucent door.
 72836 | Depths:3 | Found a runed translucent door.
 72915 | Depths:3 | Got a faintly humming plate armour
 72926 | Depths:3 | Identified the cursed +0 plate armour of Susk {rPois MR-
                  | Int+2 SInv} (You found it on level 3 of the Depths)
 73316 | Depths:3 | Received a gift from Okawaru
 73371 | Depths:3 | Found a one-way gate to the infinite horrors of the Abyss.
 73784 | Depths:3 | Noticed the Enchantress
 73790 | Depths:3 | Received a gift from Okawaru
 73800 | Depths:3 | Killed the Enchantress
 74310 | Depths:4 | Received a gift from Okawaru
 74431 | Depths:4 | Noticed a juggernaut
 74918 | Depths:4 | Killed a juggernaut
 76770 | Depths:4 | Found Exzejal's Food Boutique.
 77055 | Depths:4 | Found a corrupted altar of Lugonu.
 77343 | Depths:5 | Entered Level 5 of the Depths
 77568 | Depths:5 | Received a gift from Okawaru
 77626 | Depths:5 | Noticed Boris
 77632 | Depths:5 | Received a gift from Okawaru
 77642 | Depths:5 | Killed Boris
 77651 | Depths:5 | Received a gift from Okawaru
 77653 | Depths:5 | HP: 1/254 [caustic shrike simulacrum (49)]
 78129 | Depths:5 | Reached skill level 27 in Shields
 78982 | Depths:5 | Received a gift from Okawaru
 79362 | Depths:5 | Got a pair of slimy gloves {god gift}
 79380 | Depths:5 | Identified the +0 pair of gloves "Lygoif" {Str+2 Int+2}
                  | (Okawaru gifted it to you on level 5 of the Depths)
 79647 | Depths:5 | Found a gate to the Realm of Zot.
 80405 | Slime:1  | Entered Level 1 of the Pits of Slime
 80663 | Slime:1  | Gained mutation: Potions are less effective at restoring
                  | your health. [a shining eye]
 81096 | Slime:2  | Noticed Dissolution
 81104 | Slime:2  | Killed Dissolution
 81904 | Slime:3  | Received a gift from Okawaru
 81904 | Slime:3  | Gained mutation: You occasionally shout uncontrollably at
                  | your foes. [a shining eye]
 81906 | Slime:3  | Gained mutation: You tend to lose your temper in combat. [a
                  | shining eye]
 81916 | Slime:3  | Gained mutation: Your spells are a little easier to cast,
                  | but a little less powerful. [a shining eye]
 82546 | Slime:2  | Gained mutation: Your body sometimes deteriorates upon
                  | taking damage. [a shining eye]
 82549 | Slime:2  | Reached skill level 15 in Throwing
 82861 | Slime:4  | Lost mutation: Your spells are a little easier to cast, but
                  | a little less powerful. [a shining eye]
 82864 | Slime:3  | Gained mutation: You are clumsy. (Dex -2) [a shining eye]
 83655 | Slime:5  | Entered Level 5 of the Pits of Slime
 83668 | Slime:5  | Gained mutation: You are occasionally teleported next to
                  | monsters. [a shining eye]
 83670 | Slime:5  | Gained mutation: Your magical capacity is low. (-10% MP) [a
                  | shining eye]
 83679 | Slime:5  | Noticed the Royal Jelly
 83928 | Slime:4  | Lost mutation: Scrolls take you a little longer to read.
                  | [potion of mutation]
 83928 | Slime:4  | Lost mutation: Your magical capacity is low. (-10% MP)
                  | [potion of mutation]
 83928 | Slime:4  | Lost mutation: You are clumsy. (Dex -2) [potion of
                  | mutation]
 83928 | Slime:4  | Gained mutation: You passively map a small area around you.
                  | [potion of mutation]
 83928 | Slime:4  | Gained mutation: You have an increased reservoir of magic.
                  | (+10% MP) [potion of mutation]
 83929 | Slime:4  | Lost mutation: You occasionally shout uncontrollably at
                  | your foes. [potion of mutation]
 83929 | Slime:4  | Lost mutation: You tend to lose your temper in combat.
                  | [potion of mutation]
 83929 | Slime:4  | Gained mutation: You are partially covered in icy blue
                  | scales. (AC +2) [potion of mutation]
 83930 | Slime:4  | Lost mutation: Your body sometimes deteriorates upon taking
                  | damage. [potion of mutation]
 83930 | Slime:4  | Lost mutation: You are partially covered in icy blue
                  | scales. (AC +2) [potion of mutation]
 83930 | Slime:4  | Gained mutation: You have large cloven feet. [potion of
                  | mutation]
 83931 | Slime:4  | Lost mutation: You have an increased reservoir of magic.
                  | (+10% MP) [potion of mutation]
 83931 | Slime:4  | Lost mutation: You are occasionally teleported next to
                  | monsters. [potion of mutation]
 83931 | Slime:4  | Lost mutation: You passively map a small area around you.
                  | [potion of mutation]
 83931 | Slime:4  | Lost mutation: Potions are less effective at restoring your
                  | health. [potion of mutation]
 83931 | Slime:4  | Gained mutation: Your system is resistant to poisons.
                  | (rPois) [potion of mutation]
 83931 | Slime:4  | Gained mutation: You have supernaturally acute eyesight.
                  | (SInv) [potion of mutation]
 83931 | Slime:4  | Gained mutation: You are partially covered in thin metallic
                  | scales. (AC +2) [potion of mutation]
 83959 | Slime:5  | Lost mutation: You have supernaturally acute eyesight.
                  | (SInv) [a shining eye]
 83963 | Slime:5  | Received a gift from Okawaru
 84014 | Slime:5  | Gained mutation: You are frail. (-10% HP) [a shining eye]
 84018 | Slime:5  | Gained mutation: Scrolls take you a little longer to read.
                  | [a shining eye]
 84072 | Slime:5  | Gained mutation: You are very frail. (-20% HP) [a shining
                  | eye]
 84077 | Slime:5  | Gained mutation: You are extremely frail. (-30% HP) [a
                  | shining eye]
 84168 | Slime:5  | Killed the Royal Jelly
 84414 | Slime:4  | Gained mutation: Armour fits poorly on your strangely
                  | shaped body. [a shining eye]
 84719 | Slime:5  | Received a gift from Okawaru
 84853 | Slime:5  | Found the +7 great mace "Undeadhunter" {disrupt, rN+}
 84867 | Slime:5  | Got a slimy rune of Zot
 84937 | Slime:5  | Got a black opal-encrusted plate armour
 84980 | Slime:5  | Identified the cursed +1 plate armour of Ole Abli {*Slow
                  | +Inv Int+9} (You found it on level 5 of the Pits of Slime)
 84982 | Slime:5  | Acquired 1910 gold pieces
 85723 | Zot:1    | Entered Level 1 of the Realm of Zot
 85830 | Zot:1    | Received a gift from Okawaru
 85872 | Zot:1    | Received a gift from Okawaru
 86392 | Zot:1    | Received a gift from Okawaru
 86428 | Zot:1    | HP: 3/184 [yellow draconian stormcaller/divine providence
                  | (14)]
 86431 | Zot:1    | Killed from afar by a green draconian stormcaller

Illustrated notes

Levels and vault maps discovered:
D:1:      dpeg_arrival_snail, layout_loops_ring
D:2:      layout_basic, chequers_temple_overflow_statue_of_worship,
          first_ration, uniq_robin, uniq_natasha
D:3:      kennysheep_the_goblin_king, layout_basic, okawaru_trees_1
D:4:      layout_basic, grunt_temple_overflow_opulence, lemuel_doored_altar,
          demons_altar, serial_shops, nicolae_shop_overgrown_old_shop
D:5:      layout_layer_cave, basic_altar, gammafunk_ghost_split, st_stairs_7,
          trog_butcher_becter
D:6:      layout_gridville, serial_shops, shop
D:7:      layout_gridville, chequers_temple_overflow_minitemple,
          minmay_temple_entry_hall, the_bakery, uniq_crazy_yiuf_cottage
D:8:      layout_loops_ring, gammafunk_ghost_grave
D:9:      layout_basic, grunt_temple_overflow_order_and_chaos_1,
          nicolae_ru_path_of_blood
D:10:     layout_basic, orc_0_dummy
D:11:     minmay_quarter_circles, layout_long_grid
D:12:     layout_basic, serial_shops,
          nicolae_shop_temple_entry_statues_fountains, shop,
          kennysheep_mini_moat, shop, kennysheep_little_box,
          minmay_misc_feat_enclosed
D:13:     layout_stronghold, einodemon_crawler_minivault, uniq_snorg
D:14:     layout_layer_cave, hangedman_vaults_entry_quadrant_bands,
          dk_noncrumbling_3, tso_metal_star
D:15:     hangedman_depths_entry_civil_slaughter, layout_cave_pools,
          nicolae_lava_and_water
Temple:   kb_temple_of_zot
Lair:1:   layout_roguey [special_room_bee], basic_altar,
          nicolae_lair_grove_arrangements, hangedman_lair_unloving_vines,
          infiniplex_staircase_pool, lemuel_fruit_fields
Lair:2:   layout_cellular_growth, basic_altar, beast_lair_carwin_8
Lair:3:   layout_layer_cave, minmay_shoals_entry_lonely_mermaid,
          grunt_megastairs_4, lemuel_fruit_fields
Lair:4:   layout_regular_city, minmay_snake_entry_six_corridors,
          enter_volcano_1, grunt_megastairs_3
Lair:5:   layout_gridlike, minmay_slime_entry_jelly_boxes, grunt_megastairs_2,
          lemuel_fruit_fields
Lair:6:   due_jungle_book, layout_regular_city, chequers_serial_rivers_micro_a,
          grunt_megastairs_1
Shoals:1: layout_shoals, ldierk_geyser, uniq_frances
Shoals:2: cheibrodos_shoals_satyrical_garden, layout_shoals, serial_shops, shop,
          shop, nicolae_shop_trees
Shoals:3: layout_shoals, ebering_ghost_gozag, nicolae_shoals_undead_eyrie,
          uniq_ilsuiw
Shoals:4: shoals_end_hangedman, layout_shoals, serial_shops,
          nicolae_shop_waterfront
Snake:1:  layout_layer_cave, uniq_nikola
Snake:2:  layout_cave_pods, grunt_ministairs_4, uniq_jorgrun, uniq_vashnia
Snake:3:  layout_rooms, st_stairs_2, serial_bayou_lagoon_a, lemuel_fruit_tree
Snake:4:  snake_pit_salamanders_mu, layout_cave_town, serial_shops, shop,
          nicolae_shop_stone, shop, shop_fountains, st_stairs_7,
          hangedman_corner_corridor
Slime:1:  layout_caves, cheibrodos_slime_lost_civilization_5
Slime:2:  layout_caves, dissolution_awaits
Slime:3:  layout_caves
Slime:4:  layout_caves
Slime:5
Orc:1:    layout_diamond_mine, serial_shops, shop, statue_in_the_mist_lemuel,
          nicolae_orc_lava_room
Orc:2:    kennysheep_orc_mage_school, layout_caves, serial_shops, shop_fountains
Elf:1:    elf_arrival_002, layout_geoelf_octagon, serial_shops,
          nicolae_shop_waterfront, orc_legates, laboratory
Elf:2:    layout_geoelf_octagon
Elf:3:    minmay_elf_hall_quartered_circle, layout_geoelf_octagon
Vaults:1: v_rooms_5, v_alt_pattern_1, hangedman_vaults_snaps, v_misc_29,
          v_rooms_2, hangedman_vaults_cutoff, hangedman_vaults_slice,
          grunt_vaults_bifocal, hangedman_vaults_stretched_pinwheel,
          layout_vaults_big_room, serial_shops, shop
Vaults:2: v_misc_5, ontoclasm_vaults_hangar, hangedman_vaults_maws,
          hangedman_vaults_variations, nicolae_vaults_fighting_squares,
          vaults_mumra_minichess, hangedman_vaults_nodes,
          nicolae_vaults_triangles, ontoclasm_vaults_fault,
          nicolae_vaults_circle_grid_b, nicolae_vaults_ring_of_whatevers,
          ontoclasm_vaults_claustrophobia, grunt_vaults_focal,
          layout_vaults_maze_bifur, uniq_margery
Vaults:3: gammafunk_vaults_ghost_grave, vaults_dpeg_encased_lava,
          vaults_room_fancy_cross, blue_anna_dwarven_crypt,
          hangedman_vaults_locks, vaults_dpeg_ring,
          nicolae_vaults_disjoint_gnomons, v_misc_16, v_alt_pattern_1,
          v_alt_pattern_5, nicolae_vaults_alarming, vaults_room_grid,
          v_pattern_4, v_misc_13, nicolae_vaults_rhombus_5,
          hangedman_vaults_stitches, layout_vaults_omnibox
Vaults:4: nicolae_vaults_network_square, vaults_mumra_minichess_inversion,
          nicolae_vaults_little_ls, v_misc_19, hangedman_vaults_cutoff,
          nicolae_vaults_c_with_doors, vaults_room_hallway,
          vaults_standard_mumra_x, ontoclasm_vaults_chip,
          vaults_room_grunt_arrival_checkpoint, nicolae_vaults_little_squares_1,
          vaults_room_door_ring, v_alt_pattern_4, layout_vaults_omnicross,
          serial_shops, shop
Vaults:5: serial_shops
Depths:1: minmay_the_grid_triangle_9x9_line_8_mashed
          [minmay_the_grid_triangle_9x9_checkered,
          minmay_the_grid_triangle_9x9_limited_checkers,
          minmay_the_grid_triangle_9x9_minimal,
          minmay_the_grid_triangle_9x9_wacky_v,
          minmay_the_grid_triangle_9x9_windchime,
          minmay_the_grid_triangle_9x9_odd_lines,
          minmay_the_grid_triangle_9x9_from_above,
          minmay_the_grid_triangle_9x9_prize_center], layout_small_grid,
          enter_ziggurat_a, hell_entry, rand_demon_pan_entry_5,
          minmay_misc_feat_alley, serial_shops, shop,
          wheals_unrand_guarded_autumn_katana
Depths:2: hangedman_slaughterboxes, pan_entry, hell_entry, serial_shops
Depths:3: impenetrable_vault, layout_gridlike, hell_entry,
          rand_demon_pan_entry_4, hangedman_abyss_entry_splay,
          infiniplex_staircase_zigzag_3, uniq_enchantress
Depths:4: hangedman_cross_cluster, layout_gridville, chequers_big_river,
          pan_entry, serial_shops, shop, hangedman_geh_valley,
          abyss_entry_flame_altar, bh_walls_and_bars, serial_bayou_shore_b
Depths:5: lemuel_castle_with_subvaults [lemuel_castle_interior_carwin_3],
          layout_basic, serial_curves, eino_curves_03, eino_curves_02,
          eino_curves_04, hell_entry, serial_bayou_shore_a, uniq_boris
Zot:1:    lemuel_draconian_sentries, layout_gridlike

Skill      XL: |  1  2  3  4  5  6  7  8  9 10 11 12 13 14 15 16 17 18 19 20 21 22 23 24 25 26 27 |
---------------+----------------------------------------------------------------------------------+-----
Axes           | 3 4 5 6 7 8 11 12 14 16 17 18 19 20 21 22 23 24 25 26 27 | 27.0
Fighting       | 4 5 6 7 8 9 10 11 12 13 14 15 16 17 18 19 20 24 | 24.6
Armour         | 4 5 6 7 9 12 14 15 17 18 19 20 21 22 23 25 | 25.3
Shields        | 4 5 6 7 9 10 11 12 13 14 16 17 19 20 21 22 23 24 27 | 27.0
Dodging        | 1 2 5 6 7 8 |  8.4
Throwing       | 1 2 3 5 7 8 9 11 12 13 15 | 15.6
Invocations    | 1 2 |  2.0

Action                   |  1- 3 |  4- 6 |  7- 9 | 10-12 | 13-15 | 16-18 | 19-21 | 22-24 | 25-27 || total
-------------------------+-------+-------+-------+-------+-------+-------+-------+-------+-------++-------
Melee: War axe           |   147 |   220 |   468 |   189 |   545 |   833 |   308 |       |       ||  2710
       Broad axe         |       |       |       |   332 |   497 |    54 |   858 |   926 |  1722 ||  4389
       Executioner's axe |       |       |       |       |       |     2 |       |       |       ||     2
 Fire: Heavy crossbow    |       |       |       |    62 |       |       |       |       |       ||    62
Throw: Javelin           |       |       |     7 |     2 |       |    29 |   242 |   204 |   362 ||   846
       Dart              |       |       |    77 |     4 |     3 |    17 |       |     4 |       ||   105
       Boomerang         |       |       |       |    29 |   327 |   103 |    10 |       |       ||   469
Invok: Heroism           |       |       |       |     3 |     5 |     9 |     6 |       |     7 ||    30
Evoke: Wand              |       |       |       |     2 |     4 |     3 |     1 |       |     2 ||    12
  Use: Scroll            |     6 |       |       |    13 |    13 |    17 |     7 |     2 |     9 ||    67
       Potion            |       |       |     1 |     1 |     2 |     5 |     2 |     1 |    17 ||    29
 Stab: Confused          |       |       |       |     2 |       |       |       |       |       ||     2
       Paralysed         |       |       |       |       |     4 |       |       |       |       ||     4
       Distracted        |       |       |       |       |       |       |     2 |     2 |     2 ||     6
       Sleeping          |       |       |       |       |       |       |       |       |     1 ||     1
  Eat: Chunk             |     1 |    11 |    23 |    23 |    44 |    20 |    22 |    27 |    39 ||   210
       Ration            |       |       |     2 |       |     2 |     2 |     5 |       |     9 ||    20
Armor: Scale mail        |    70 |    96 |    68 |       |       |       |       |       |       ||   234
       Chain mail        |       |       |   122 |   184 |       |       |       |       |       ||   306
       Plate armour      |       |       |       |   140 |   631 |   470 |   523 |   248 |   558 ||  2570
       Acid dragon scale |       |       |       |       |       |       |       |       |    70 ||    70
Dodge: Dodged            |    52 |    73 |   107 |   132 |   290 |   253 |   367 |   243 |   523 ||  2040
Block: Kite shield       |    77 |   124 |   192 |   298 |   648 |   586 |   984 |   792 |  1638 ||  5339
       Rpst.: Broad axe  |       |       |       |       |       |       |     5 |    43 |    71 ||   119
